 Dungeon Crawl Stone Soup version 0.26.0-16-gc1dbca0489 (webtiles) character file.

Game seed: 723857352016729998

109851 Gnirx the Bludgeoner (level 16, -25/146 HPs)
             Began as a Minotaur Berserker on Jan 18, 2021.
             Was the Champion of Trog.
             Killed by the raging water
             ... invoked by a water nymph
              (41 damage)
             ... on level 1 of the Shoals on Jan 19, 2021.
             The game lasted 01:08:15 (28059 turns).

Gnirx the Bludgeoner (Minotaur Berserker)          Turns: 28059, Time: 01:08:15

Health: -25/146    AC: 27    Str: 26    XL:     16   Next: 5%
Magic:  15/15      EV: 12    Int:  4    God:    Trog [******]
Gold:   1205       SH: 22    Dex: 19    Spells: 15/15 levels left

rFire    + + .     SeeInvis .   a - +8 flail "Newkue Ralyrph" {flame, rElec rPois}
rCold    x . .     Faith    .   r - +0 tower shield
rNeg     + . .     Spirit   .   E - +3 plate armour {rF+}
rPois    +         Reflect  .   (helmet restricted)
rElec    +         Harm     .   (no cloak)
rCorr    .         Rampage  .   t - +2 pair of gloves
Will     +....                  P - +1 pair of boots
Stlth    ..........             W - amulet of Jiahoewnye {rN+ Regen+}
HPRegen  0.74/turn              f - +6 ring of dexterity
MPRegen  0.14/turn              B - ring of fire

@: very slow
A: retaliatory headbutt, horns 2
a: Renounce Religion, Berserk, Trog's Hand, Brothers in Arms


You were on level 1 of the Shoals.
You worshipped Trog.
Trog was exalted by your worship.
You visited 4 branches of the dungeon, and saw 24 of its levels.
You visited 1 bazaar.
You also visited: Ossuary, Bailey and Volcano.

You collected 2890 gold pieces.
You spent 1685 gold pieces at shops.

Inventory:

Hand Weapons
 a - the +8 flail "Newkue Ralyrph" (weapon) {flame, rElec rPois}
   (You bought it in a shop on level 4 of the Dungeon)

   It has been specially enchanted to burn those struck by it, causing extra
   injury to most foes and up to half again as much damage against particularly
   susceptible opponents.
   It insulates you from electricity.
   It protects you from poison.
 b - a +0 longbow
 x - the +9 flail of Salt {drain, +Fly rF+ Str+3}
   (You bought it in a shop in a bazaar)

   A truly terrible weapon, it drains the life of those it strikes.
   It affects your strength (+3).
   It protects you from fire.
   It lets you fly.
Missiles
 l - 634 arrows
Armour
 m - a +1 pair of gloves
 o - a +2 plate armour of poison resistance
 r - a +0 tower shield (worn)
 t - a +2 pair of gloves (worn)
 C - a +0 kite shield
 E - a +3 plate armour of fire resistance (worn)
 P - a +1 pair of boots (worn)
Jewellery
 f - a +6 ring of dexterity (left hand)
 y - an uncursed ring of protection from cold
 A - an uncursed ring of flight
 B - a ring of fire (right hand)
 D - an uncursed ring of positive energy
 W - the amulet of Jiahoewnye (around neck) {rN+ Regen+}
   (You found it on level 14 of the Dungeon)

   [amulet of regeneration]

   It protects you from negative energy.
   It increases your rate of regeneration.
 Z - the brooch of Shielding {Spirit SH+8}
   (You found it on level 14 of the Dungeon)

   [amulet of guardian spirit]

   It causes incoming damage to be split between your health and magic.
   It affects your SH (+8).
Wands
 c - a wand of iceblast (9)
 g - a wand of acid (12)
 L - a wand of flame (14)
 Q - a wand of enslavement (5)
Scrolls
 e - 15 scrolls of remove curse
 n - 22 scrolls of teleportation
 p - 4 scrolls of enchant weapon
 s - a scroll of summoning
 u - a scroll of enchant armour
 v - a scroll of silence
 z - 4 scrolls of fear
 R - 6 scrolls of identify
 S - 5 scrolls of blinking
 V - 6 scrolls of fog
 Y - 2 scrolls of magic mapping
Potions
 d - 3 potions of heal wounds
 h - 4 potions of berserk rage
 i - 5 potions of haste
 j - a potion of invisibility
 k - 6 potions of ambrosia
 q - a potion of might
 w - 2 potions of cancellation
 G - 7 potions of flight
 H - 11 potions of curing
 I - 2 potions of lignification
 K - 5 potions of resistance


   Skills:
 + Level 14.3 Fighting
 * Level 18.5 Maces & Flails
 + Level 17.3 Armour
 * Level 8.3 Dodging
 - Level 2.1 Stealth
 + Level 17.2 Shields


You had 15 spell levels left.
You didn't know any spells.
Your spell library was empty.

Dungeon Overview and Level Annotations

Branches:
Dungeon (15/15)            Temple (0/1) D:7            Lair (6/6) D:11
 Shoals (1/4) Lair:3        Snake (0/4) Lair:3        Slime (0/5) Lair:5
    Orc (2/2) D:12            Elf (0/3) Orc:2        Vaults (0/5) D:14
 Depths (0/5) D:15        Ossuary (visited)          Bailey (visited)
Volcano (visited)

Altars:
Ashenzari
Cheibriados
Dithmenos
Hepliaklqana
Kikubaaqudgha
Qazlal
Ru
Sif Muna
Vehumet
Wu Jian
Beogh

Shops:
D:4 (   Orc:2 }(?:=

Annotations:
Lair:4 exclusion: 2 oklob plants
Lair:6 exclusion: oklob plant


Innate Abilities, Weirdness & Mutations

You reflexively headbutt those who attack you in melee.
You have a pair of horns on your head.


Message History

You kill the merfolk avatar!
Trog accepts your kill.
Trog appreciates your killing of a magic user.
The drowned soul returns to the deep! x2; The water nymph touches you.
The water nymph drowns you!
* * * LOW HITPOINT WARNING * * *
You feel much better.
The water nymph gestures at you while chanting.
The water swirls and strikes you!!!
* * * LOW HITPOINT WARNING * * *
You hit the water nymph. You burn the water nymph.
The water nymph is lightly wounded.
You block the water nymph's attack.
You closely miss the water nymph. Your headbutt misses the water nymph.
The water nymph is lightly wounded.
You closely miss the water nymph.
The water nymph is lightly wounded.
The water nymph casts a spell at you. The water swirls and strikes you!!!
You die...

#.≈≈≈≈≈≈≈..#...#.≈≈.≈≈≈≈
#..≈≈≈≈..##..##†...≈≈≈≈
###..≈......#......≈≈≈≈≈≈
#..?.≈.............≈≈≈≈≈≈
#.........≈.....≈≈...≈≈≈≈
#.......[.≈..##.....≈≈≈≈≈
#......≈≈≈≈.##.......≈≈≈≈
.....###m≈.......≈..≈≈≈≈≈
.... #≈@.........≈≈≈≈≈≈
.. #...........≈≈≈≈≈≈≈
.............≈≈≈≈≈
.....≈≈...≈...≈≈≈≈≈≈
..≈≈.≈≈...≈≈≈....
.≈≈≈≈≈≈≈........
...≈≈≈≈≈..##....
≈≈≈≈≈≈≈≈≈.. ....


You could see a water nymph.

Vanquished Creatures
  Nikola (Lair:3)
  Rupert (D:13)
  An orc warlord (Orc:2)
  Azrael (D:12)
  A merfolk impaler (Shoals:1)
  An ogre mage (Orc:2)
  12 hydras
  7 boulder beetles
  A merfolk avatar (Shoals:1)
  7 two-headed ogres
  A merfolk aquamancer (Lair:3)
  4 centaur warriors
  A death knight (D:13)
  6 death yaks (Lair:4)
  Urug (D:14)
  5 tengu warriors
  Sonja (Lair:3)
  Nergalle (Orc:2)
  3 sea snakes (Shoals:1)
  6 wizards
  5 unseen horrors
  12 orc sorcerers
  A necromancer (D:15)
  2 cyclopes
  7 ugly things
  3 fauns
  8 manticores
  6 centaur zombies
  17 elephants
  A toenail golem (Lair:2)
  3 black mambas
  A torpor snail (Lair:3)
  Psyche (D:11)
  7 cane toads
  13 komodo dragons
  An efreet (D:15)
  3 kobold demonologists
  A yaktaur (shapeshifter) (D:15)
  3 rime drakes
  2 merfolk (Shoals:1)
  2 trolls
  2 tengu conjurers
  A polar bear (Lair:5)
  A hornet (D:13)
  A queen bee (Lair:1)
  Prince Ribbit (D:9)
  A wind drake (Lair:3)
  Grinder (D:4)
  8 slime creatures
  7 blink frogs
  A meliai zombie (D:15)
  2 water elementals (Shoals:1)
  2 centaur simulacra (D:15)
  A vampire (D:13)
  4 wyverns
  A wraith (D:11)
  4 basilisks
  16 humans
  43 yaks
  7 fire elementals
  Menkaure (D:4)
  4 vampire mosquitoes
  2 nagas (Lair:3)
  A soldier ant (D:12)
  2 wargs
  22 water moccasins
  3 acid dragons
  A hell hound (D:12)
  21 orc warriors
  2 black bears (D:7)
  A sky beast (shapeshifter) (D:14)
  2 sky beasts
  4 ice beasts
  A phantom (D:9)
  An eye of draining (D:12)
  6 ogres
  10 wolves
  20 centaurs
  23 bullfrogs
  4 big kobolds
  2 gnoll sergeants
  6 scorpions
  37 killer bees
  8 wights
  An electric eel (Lair:4)
  A howler monkey (D:12)
  2 bullfrog zombies (D:8)
  4 quasits
  4 hounds
  5 centaur skeletons
  4 jellies
  11 orc priests
  2 bullfrog skeletons
  A gnoll shaman (Orc:2)
  33 orc wizards
  7 iguanas
  9 worker ants
  A big kobold zombie (Ossuary)
  A hound skeleton (D:4)
  3 mummies (Ossuary)
  A howler monkey zombie (D:8)
  4 adders
  18 gnolls
  2 shadow imps
  2 white imps
  2 adder zombies (D:5)
  An adder skeleton (D:4)
  4 worms
  3 dart slugs
  7 leopard geckos
  77 orcs
  8 giant cockroaches
  9 goblins
  10 hobgoblins
  34 kobolds
  3 quokkas
  2 ball pythons
  8 bats
  6 frilled lizards
  3 gnoll zombies (Ossuary)
  2 goblin zombies (Ossuary)
  A hobgoblin zombie (Ossuary)
  A jackal skeleton (D:4)
  A jackal zombie (D:5)
  An orc zombie (Ossuary)
  9 rats
757 creatures vanquished.

Vanquished Creatures (others)
  A sea snake (Shoals:1)
  A faun (Shoals:1)
  A merfolk siren (Lair:3)
  2 centaur skeletons (D:12)
  A merfolk (Shoals:1)
  A water elemental (Lair:3)
  An orc wizard (Orc:2)
  A gnoll (Orc:2)
  An orc (Orc:2)
  A bush (Lair:6)
  26 fungi
  38 plants
75 creatures vanquished.

Grand Total: 832 creatures vanquished

Notes
Turn   | Place    | Note
-------+----------+-------------------------------------------
     0 | D:1      | Gnirx the Minotaur Berserker began the quest for the Orb.
     0 | D:1      | Reached XP level 1. HP: 19/19 MP: 0/0
   233 | D:1      | Reached XP level 2. HP: 23/27 MP: 1/1
   242 | D:1      | Reached skill level 4 in Maces & Flails
   456 | D:1      | Reached XP level 3. HP: 33/33 MP: 2/2
   480 | D:1      | Reached ** piety under Trog
   992 | D:2      | Reached skill level 5 in Maces & Flails
  1094 | D:2      | Reached XP level 4. HP: 41/41 MP: 3/3
  1756 | D:3      | Noticed a big kobold
  1767 | D:3      | Killed a big kobold
  1768 | D:3      | Reached skill level 6 in Maces & Flails
  1768 | D:3      | Reached XP level 5. HP: 42/47 MP: 4/4
  2000 | D:4      | Noticed Menkaure
  2009 | D:4      | Killed Menkaure
  2010 | D:4      | Reached XP level 6. HP: 53/53 MP: 5/5
  2378 | D:4      | Reached skill level 7 in Maces & Flails
  2402 | D:4      | Found a sacrificial altar of Ru.
  2438 | D:4      | Found a broken altar of Ashenzari.
  2438 | D:4      | Found an ornate altar of the Wu Jian Council.
  2573 | D:4      | Found a snail-covered altar of Cheibriados.
  2618 | D:4      | Found Kihophogg's Antique Weapon Boutique.
  2620 | D:4      | Noticed Grinder
  2627 | D:4      | Reached *** piety under Trog
  2633 | D:4      | Paralysed by Grinder for 3 turns
  2648 | D:4      | Killed Grinder
  2649 | D:4      | Reached skill level 5 in Armour
  2649 | D:4      | Reached XP level 7. HP: 49/60 MP: 6/6
  2823 | D:4      | Found a shimmering blue altar of Sif Muna.
  2935 | D:4      | Reached skill level 8 in Maces & Flails
  2941 | D:4      | Reached skill level 5 in Fighting
  3013 | D:4      | Bought an ancient flail for 195 gold pieces
  3013 | D:4      | Identified the +8 flail "Newkue Ralyrph" {flame, rElec
                  | rPois} (You bought it in a shop on level 4 of the Dungeon)
  3202 | D:5      | Entered Level 5 of the Dungeon
  3612 | D:5      | Reached skill level 9 in Maces & Flails
  4135 | D:6      | Reached XP level 8. HP: 68/68 MP: 7/7
  4176 | D:6      | Reached **** piety under Trog
  4183 | D:6      | Reached skill level 1 in Stealth
  4693 | D:6      | Reached skill level 10 in Maces & Flails
  4729 | D:6      | Found a stormy altar of Qazlal.
  5124 | D:7      | Noticed a two-headed ogre
  5141 | D:7      | Killed a two-headed ogre
  5142 | D:7      | Reached skill level 11 in Maces & Flails
  5142 | D:7      | Reached XP level 9. HP: 51/79 MP: 8/8
  5681 | D:7      | Found a sand-covered staircase.
  5690 | Ossuary  | Entered an ossuary
  5853 | Ossuary  | Reached ***** piety under Trog
  6179 | D:7      | Found a staircase to the Ecumenical Temple.
  6225 | D:7      | Found a hazy altar of Hepliaklqana.
  6563 | D:7      | Reached skill level 10 in Armour
  6566 | D:7      | Reached skill level 12 in Maces & Flails
  7269 | D:8      | Reached XP level 10. HP: 90/90 MP: 9/9
  7600 | D:8      | Noticed a two-headed ogre
  7614 | D:8      | Killed a two-headed ogre
  7744 | D:8      | Received a gift from Trog
  8138 | D:9      | Found a shadowy altar of Dithmenos.
  8142 | D:9      | Noticed Prince Ribbit
  8157 | D:9      | Killed Prince Ribbit
  8540 | D:9      | Noticed a two-headed ogre
  8546 | D:9      | Killed a two-headed ogre
  8547 | D:9      | Reached skill level 13 in Maces & Flails
  8815 | D:9      | Got a transparent chain mail
  8826 | D:9      | Identified the cursed +0 chain mail "Wiulir Joen" {rC+
                  | Regen+ Str-4 Int+6} (You found it on level 9 of the
                  | Dungeon)
  8873 | D:9      | Found an ancient bone altar of Kikubaaqudgha.
  8877 | D:9      | Found a shimmering blue altar of Sif Muna.
  8879 | D:9      | Found a radiant altar of Vehumet.
  8932 | D:10     | Entered Level 10 of the Dungeon
  9514 | D:10     | Reached XP level 11. HP: 98/99 MP: 10/10
 10044 | D:11     | Reached skill level 14 in Maces & Flails
 10328 | D:11     | Reached skill level 10 in Fighting
 10403 | D:11     | Noticed Psyche
 10408 | D:11     | Killed Psyche
 10808 | D:11     | Found a staircase to the Lair.
 11056 | D:12     | Found a flagged portal.
 11062 | Bailey   | Entered a bailey
 11205 | Bailey   | Received a gift from Trog
 11273 | Bailey   | Found the +18 shield of the Gong {rElec rN+ Will+ EV-5}
 11398 | D:12     | Noticed an eight-headed hydra
 11404 | D:12     | Killed an eight-headed hydra
 11405 | D:12     | Reached skill level 1 in Shields
 11541 | D:12     | Killed an unseen horror
 11548 | D:12     | Noticed a boulder beetle
 11561 | D:12     | Noticed an eight-headed hydra
 11567 | D:12     | Killed a boulder beetle
 12017 | D:12     | You fall into a shaft and drop 1 floor!
 12073 | D:13     | Reached skill level 15 in Armour
 12080 | D:13     | Noticed a sun demon
 12082 | D:13     | Noticed a six-headed hydra
 12087 | D:13     | Killed a six-headed hydra
 12088 | D:13     | Reached skill level 5 in Shields
 12091 | D:13     | Noticed a two-headed ogre
 12093 | D:13     | Noticed a boulder beetle
 12098 | D:13     | Killed a two-headed ogre
 12099 | D:13     | Reached XP level 12. HP: 100/110 MP: 11/11
 12148 | D:13     | Noticed a boulder beetle
 12150 | D:13     | Killed a boulder beetle
 12151 | D:13     | Reached skill level 15 in Maces & Flails
 12507 | D:13     | Noticed a boulder beetle
 12536 | D:13     | Killed a boulder beetle
 12700 | D:13     | Killed a boulder beetle
 13165 | D:13     | Noticed a tengu warrior
 13188 | D:13     | Killed a tengu warrior
 13701 | D:12     | Noticed Azrael
 13840 | D:12     | Reached skill level 10 in Shields
 13852 | D:12     | Killed Azrael
 14093 | D:12     | Killed an eight-headed hydra
 14234 | D:12     | Reached XP level 13. HP: 106/118 MP: 9/12
 14279 | D:12     | Found a staircase to the Orcish Mines.
 14414 | D:14     | Found a gate to the Vaults.
 14414 | D:14     | Noticed Rupert
 14414 | D:14     | Noticed Urug
 14466 | D:14     | Reached ****** piety under Trog
 14714 | D:14     | Received a gift from Trog
 15326 | D:14     | Killed Urug
 16031 | D:13     | Killed Rupert
 16032 | D:13     | Reached skill level 16 in Maces & Flails
 16411 | D:14     | Got a scintillating iron amulet
 16586 | D:14     | Found the brooch of Shielding {Spirit SH+8}
 16599 | D:14     | Identified the amulet of Jiahoewnye {rN+ Regen+} (You found
                  | it on level 14 of the Dungeon)
 16878 | D:15     | Entered Level 15 of the Dungeon
 17199 | D:15     | Reached XP level 14. HP: 126/127 MP: 13/13
 17594 | D:15     | Found a staircase to the Depths.
 18306 | Lair:1   | Entered Level 1 of the Lair of Beasts
 18544 | Lair:1   | Received a gift from Trog
 18556 | Lair:1   | Got an ancient mace {god gift}
 18557 | Lair:1   | Identified the +11 mace of the Skies Above {vorpal, Dex+4}
                  | (Trog gifted it to you on level 1 of the Lair of Beasts)
 18680 | Lair:1   | Reached skill level 17 in Maces & Flails
 18695 | Lair:1   | Reached skill level 15 in Shields
 19312 | Lair:2   | Reached skill level 5 in Dodging
 19608 | Lair:2   | Found a dark tunnel.
 19618 | Volcano  | Entered a volcano
 20225 | Lair:3   | Found a staircase to the Snake Pit.
 20230 | Lair:3   | Noticed Sonja
 20268 | Lair:3   | Killed Sonja
 20763 | Lair:3   | Found a staircase to the Shoals.
 22098 | Lair:4   | Received a gift from Trog
 22188 | Lair:4   | Reached XP level 15. HP: 136/136 MP: 14/14
 22808 | Lair:5   | Found a staircase to the Slime Pits.
 23614 | Lair:6   | Entered Level 6 of the Lair of Beasts
 24082 | Lair:6   | Reached skill level 18 in Maces & Flails
 25129 | Orc:1    | Entered Level 1 of the Orcish Mines
 25149 | Orc:1    | Found a roughly hewn altar of Beogh.
 25292 | Orc:1    | Received a gift from Trog
 25479 | Orc:2    | Entered Level 2 of the Orcish Mines
 25591 | Orc:2    | Found Ucvamaich's Jewellery Boutique.
 25657 | Orc:2    | Found a staircase to the Elven Halls.
 25984 | Orc:2    | Noticed an orc warlord
 26000 | Orc:2    | Killed an orc warlord
 26216 | Orc:2    | Found Vekaubb's Book Shoppe.
 26309 | Orc:2    | Found a radiant altar of Vehumet.
 26316 | Orc:2    | Received a gift from Trog
 26419 | Orc:2    | Paralysed by an orc sorcerer for 7 turns
 26434 | Orc:2    | Noticed Nergalle
 26456 | Orc:2    | Killed Nergalle
 26525 | Orc:2    | Found a roughly hewn altar of Beogh.
 26528 | Orc:2    | Found Uniaruuh's Antique Weapon Shoppe.
 26566 | Orc:2    | Found Conuinne's Gadget Shoppe.
 26592 | Orc:2    | Found an ancient bone altar of Kikubaaqudgha.
 26612 | Orc:2    | Found Gywus's Magic Scroll Emporium.
 27143 | Shoals:1 | Entered Level 1 of the Shoals
 27150 | Shoals:1 | Noticed Nikola
 27346 | Lair:3   | Killed Nikola
 27750 | Lair:3   | Reached XP level 16. HP: 134/146 MP: 15/15
 27814 | Shoals:1 | Found a flickering gateway to a bazaar.
 27837 | Bazaar   | Entered a bazaar
 27841 | Bazaar   | Found Gusuwnoa's Antique Armour Boutique.
 27852 | Bazaar   | Found Tyebewk's Antique Weapon Emporium.
 27860 | Bazaar   | Found Zixug's Distillery.
 27868 | Bazaar   | Bought a potion of heal wounds for 70 gold pieces
 27868 | Bazaar   | Bought a potion of heal wounds for 70 gold pieces
 27871 | Bazaar   | Found Joejemoc's Jewellery Boutique.
 27882 | Bazaar   | Found Xuokhupirr's General Store.
 27890 | Bazaar   | Bought the +9 flail of Salt {drain, +Fly rF+ Str+3} for 663
                  | gold pieces
 27903 | Bazaar   | Bought an uncursed ring of protection from cold for 275
                  | gold pieces
 27903 | Bazaar   | Bought an uncursed ring of flight for 192 gold pieces
 27903 | Bazaar   | Bought an uncursed ring of positive energy for 220 gold
                  | pieces
 28059 | Shoals:1 | Killed from afar by a water nymph

Illustrated notes

Levels and vault maps discovered:
D:1:      dpeg_arrival_fog, layout_rooms, serial_bayou_pond_d,
          minmay_pentomino_v4
D:2:      layout_basic
D:3:      layout_basic, st_stairs_6, hangedman_decor_points
D:4:      layout_loops_ring, kennysheep_slug_shrine, general_overflow_altar,
          chequers_temple_overflow_statue_of_worship, serial_shops, shop,
          led_sif_pool, uniq_menkaure, uniq_grinder
D:5:      layout_basic
D:6:      layout_gridville, kennysheep_little_box
D:7:      layout_basic, nzn_hepliaklqana_mist_gate, minmay_temple_entry_arrows,
          nicolae_ossuary_entry_ruins, minmay_manual_mess
D:8:      layout_cave_pods
D:9:      layout_irregular_city, grunt_temple_overflow_magic_moments,
          grunt_dithmenos_smoke_and_mirrors, minivault_5, uniq_prince_ribbit1
D:10:     layout_loops_ring
D:11:     layout_stronghold, lair_entry_dummy, uniq_psyche
D:12:     layout_loops_ring, david_orc_1_choice, enter_bailey_2, uniq_azrael
D:13:     layout_rooms, minmay_splitting_lines, wad_dig_loot
D:14:     layout_cave_pools, david_vaults_3, serial_bayou_pond_a,
          minmay_checkerbox
D:15:     grunt_enter_depths_magical_seal, layout_gridville, kennysheep_doodads
Lair:1:   layout_roguey, special_room [special_room_bee],
          chequers_serial_rivers_small_3, minivault_19, serial_bayou_pond_c,
          serial_bayou_crossing, infiniplex_staircase_pool_2
Lair:2:   layout_loops_ring, nicolae_volcano_entry_hallway
Lair:3:   layout_chaotic_city, minmay_shoals_entry_beasts,
          minmay_snake_entry_guardpost_small, uniq_sonja
Lair:4:   layout_gridlike, grunt_megastairs_2, minmay_lair_oklob_chamber
Lair:5:   layout_cave_pods, slime_dummy, grunt_megastairs_3
Lair:6:   due_jungle_book, layout_regular_city, serial_bayou_shore_a,
          grunt_megastairs_5
Shoals:1: layout_shoals, serial_shops, bzr_entry_gold, uniq_nikola
Orc:1:    layout_diamond_mine, mines2_david, uniq_urug
Orc:2:    kennysheep_orc_mage_school, layout_caves, serial_shops, shop,
          minmay_orc_barracks, uniq_rupert

Skill      XL: |  1  2  3  4  5  6  7  8  9 10 11 12 13 14 15 |
---------------+----------------------------------------------+-----
Fighting       | 4 5 7 8 9 11 12 13 14 | 14.3
Maces & Flails | 4 5 6 7 9 11 12 13 14 15 16 17 18 | 18.5
Armour         | 3 5 7 10 13 15 16 17 | 17.3
Stealth        | 1 2 |  2.1
Dodging        | 3 6 8 |  8.3
Shields        | 5 10 13 15 17 | 17.2

Action                   |  1- 3 |  4- 6 |  7- 9 | 10-12 | 13-15 | 16-18 || total
-------------------------+-------+-------+-------+-------+-------+-------++-------
Melee: Mace              |    80 |    84 |    17 |       |       |       ||   181
       Headbutt          |    11 |    16 |    36 |   145 |   361 |    13 ||   582
       Flail             |       |       |   176 |   520 |  1231 |    33 ||  1960
Invok: Berserk           |       |     2 |       |     5 |    11 |       ||    18
  Use: Scroll            |     5 |     3 |    11 |    12 |     6 |       ||    37
       Potion            |       |       |       |     1 |     1 |     1 ||     3
Armor: Animal skin       |    10 |       |       |       |       |       ||    10
       Plate armour      |    55 |    50 |    73 |   362 |   461 |    11 ||  1012
       Chain mail        |       |       |    16 |       |       |       ||    16
Dodge: Dodged            |    51 |    22 |    57 |   180 |   297 |     6 ||   613
Block: Kite shield       |       |       |       |   204 |  1106 |       ||  1310
       Buckler           |       |       |       |    35 |       |       ||    35
       Tower shield      |       |       |       |       |    88 |    24 ||   112
